 Dungeon Crawl Stone Soup version 0.31-a0-151-ge443d1f16c (webtiles) character file.

Game seed: 8337378654704561834

982 qw the Skirmisher (level 8, -4/50 HPs)
             Began as a Gargoyle Hunter on June 8, 2023.
             Slain by Duvessa
             ... wielding a +0 short sword of venom
              (15 damage)
             ... on level 5 of the Dungeon.
             The game lasted 00:01:29 (4351 turns).

qw the Skirmisher (Gargoyle Hunter)                 Turns: 4351, Time: 00:01:30

Health: -4/50      AC: 10    Str: 15    XL:     8   Next: 17%
Magic:  8/8        EV: 12    Int: 10    God:
Gold:   136        SH:  0    Dex: 15    Spells: 7/7 levels left

rFire   + . .        Y - +0 shortbow
rCold   . . .        (shield currently unavailable)
rNeg    + . .        c - +2 robe {Will+}
rPois   inf          (no helmet)
rElec   +            f - +0 cloak
rCorr   .            (no gloves)
SInv    .            (no boots)
Will    +....        (no amulet)
Stlth   ++           b - ring of protection from fire
HPRegen 0.28/turn    (no ring)
MPRegen 0.11/turn

%: no passive effects
@: no status effects
A: sickness immunity, AC +5, negative energy resistance 1, electricity
resistance, torment resistance 1, petrification resistance
a: no special abilities


You were on level 5 of the Dungeon.
You visited 2 branches of the dungeon, and saw 6 of its levels.

You collected 188 gold pieces.
You spent 52 gold pieces at shops.


Innate Abilities, Weirdness & Mutations

You are immune to sickness and miasma.
Your stone body is resilient. (AC +5)
You are immune to poison.
You resist negative energy. (rN+)
You are resistant to electric shocks. (rElec)
You are resistant to unholy torment.
You are immune to petrification.


   Skills:
 - Level 5.6 Fighting
 + Level 8.4 Ranged Weapons
 - Level 1.0 Armour
 - Level 2.3 Dodging
 - Level 1.1 Stealth


You had 7 spell levels left.
You didn't know any spells.
Your spell library was empty.

Inventory:

Hand Weapons
 Y - a +0 shortbow (weapon)
Armour
 c - a +2 robe of willpower (worn)
 f - a +0 cloak (worn)
 n - a +2 robe of cold resistance
Jewellery
 b - a ring of protection from fire (left hand)
Scrolls
 d - a scroll of identify
Potions
 a - a potion of cancellation {unknown}
 e - a potion of magic {unknown}
 g - 2 potions of curing
 h - a potion of heal wounds {unknown}
 i - a potion of might {unknown}
 j - a potion of haste {unknown}
 k - a potion of mutation {unknown}
 l - a potion of degeneration {unknown}
 m - a potion of lignification {unknown}
 o - a potion of invisibility {unknown}

Dungeon Overview and Level Annotations

Branches:
Dungeon (5/15)             Temple (1/1) D:5

Altars:
Ashenzari
Cheibriados
Dithmenos
Hepliaklqana
Kikubaaqudgha
Makhleb
Nemelex Xobeh
Qazlal
Ru
Sif Muna
Trog
Uskayaw
Vehumet
Wu Jian
Xom
Yredelemnul
Zin
The Shining One

Shops:
D:2 [

Annotations:
D:5 Duvessa, Menkaure


Message History

You hear a shout!
You shoot an arrow. The arrow barely misses Duvessa.
Duvessa closely misses you.
Menkaure, Prince of Dust comes into view.
You shoot an arrow. The arrow hits Duvessa.
Duvessa is lightly wounded.
Duvessa hits you with a +0 short sword of venom. x2
You shoot an arrow. The arrow barely misses Duvessa.
Duvessa hits you with a +0 short sword of venom.
You shoot an arrow. The arrow barely misses Duvessa.
Duvessa hits you with a +0 short sword of venom.
Duvessa closely misses you.
You shoot an arrow. The arrow closely misses Duvessa.
Menkaure gestures wildly while chanting.
Menkaure seems to speed up.
Duvessa hits you with a +0 short sword of venom!
You shoot an arrow. The arrow closely misses Duvessa.
Duvessa closely misses you. x2
You shoot an arrow. The arrow closely misses Duvessa.
Duvessa hits you with a +0 short sword of venom.
You shoot an arrow. The arrow hits Duvessa.
Duvessa is lightly wounded.
Duvessa barely misses you. x2
You shoot an arrow.
The arrow hits Duvessa but does no damage.
Duvessa is lightly wounded.
Duvessa hits you but does no damage.
Menkaure calls on the powers of darkness!
Duvessa convulses!
Your body is wracked with pain!
You shoot an arrow. The arrow hits Duvessa.
Duvessa is severely wounded.
Duvessa misses you. Menkaure hits you. Duvessa closely misses you.
You shoot an arrow.
The arrow hits Duvessa but does no damage.
Duvessa is severely wounded.
Menkaure closely misses you. Duvessa barely misses you.
You shoot an arrow. The arrow hits Duvessa!
Duvessa is almost dead.
Duvessa hits you with a +0 short sword of venom!
You die...

#..##.#.#####.###.###.....
#.....#.#.................
###.###.#.#.....###%##.).#..
........#...#.......##......
####.##.###.##......##.....#
...>.....[...'.......#..##.#
..############:....###..##.#
. #..............#.....#
#.##.@########.#...###
#.Me...... #......
#.....#### #.## ##..#... ##
......... #< ........# #.
##.## ### #. .# #. #.


You could see Duvessa (berserk) and Menkaure (fast).

Vanquished Creatures
  Grinder (D:4)
  Sigmund (D:4)
  A black bear (D:4)
  2 phantoms
  A scorpion (D:5)
  Dowan (D:5)
  A jelly (D:5)
  An iguana (D:4)
  Natasha (thrice) (D:4)
  4 gnolls (D:4)
  5 adders
  2 worms
  A dart slug (D:5)
  8 orcs
  4 bats
  2 endoplasms (D:2)
  3 giant cockroaches
  3 goblins (D:2)
  4 hobgoblins
  7 jackals
  2 ball pythons
  A frilled lizard (D:2)
  3 kobolds
  7 rats
68 creatures vanquished.

Notes
Turn   | Place    | Note
-------+----------+-------------------------------------------
     0 | D:1      | qw the Gargoyle Hunter began the quest for the Orb.
     0 | D:1      | Reached XP level 1. HP: 12/12 MP: 1/1
     0 | D:1      | 0 ||| qw: Version: 0.2-a-120-gdf1a93b
     0 | D:1      | 0 ||| qw: Game counter: 3080
     0 | D:1      | 0 ||| qw: Always use a shield: true
     0 | D:1      | 0 ||| qw: God list: Okawaru
     0 | D:1      | 0 ||| qw: Allow faded altars: false
     0 | D:1      | 0 ||| qw: Do Orc after D:15 true
     0 | D:1      | 0 ||| qw: Do second Lair branch before Depths: true
     0 | D:1      | 0 ||| qw: Lair rune preference: random
     0 | D:1      | 0 ||| qw: Plans: Normal
     0 | D:1      | 0 ||| PLANNING D:1-11
   433 | D:1      | Reached XP level 2. HP: 8/17 MP: 2/2
   438 | D:1      | HP: 4/17 [jackal (1)]
   576 | D:1      | You fall into a shaft and drop 1 floor!
   661 | D:2      | Reached skill level 5 in Ranged Weapons
   661 | D:2      | Reached XP level 3. HP: 12/21 MP: 3/3
   782 | D:2      | 782 ||| UPGRADING to +0 cloak.
   787 | D:2      | 787 ||| READING scroll labelled WORECZIUQI.
   788 | D:2      | 788 ||| READING scroll labelled YVOEGA PYASMIH.
   889 | D:2      | 889 ||| READING scroll labelled LACAEHOCLO.
   890 | D:2      | 890 ||| DROPPING scroll of butterflies.
  1426 | D:2      | Found Jocze Zeupu's Armour Shoppe.
  1434 | D:2      | 1434 ||| BUYING +0 ring mail (52 gold).
  1434 | D:2      | Bought a +0 ring mail for 52 gold pieces
  1434 | D:2      | 1434 ||| SHOPLISTING +2 pair of boots of stealth (279 gold,
                  | have 42).
  1434 | D:2      | 1434 ||| SHOPLISTING +3 leather armour of fire resistance
                  | (312 gold, have 42).
  1434 | D:2      | 1434 ||| SHOPLISTING +3 ring mail of poison resistance (299
                  | gold, have 42).
  1893 | D:2      | 1893 ||| UPGRADING to +0 ring mail.
  1903 | D:2      | 1903 ||| DROPPING +0 leather armour.
  1904 | D:2      | 1904 ||| READING scroll labelled NUSUSENWEI.
  1905 | D:2      | 1905 ||| DRINKING 2 amethyst potions.
  2401 | D:3      | Reached XP level 4. HP: 27/27 MP: 4/4
  2404 | D:3      | Reached skill level 1 in Armour
  2410 | D:3      | Reached skill level 3 in Fighting
  2680 | D:3      | 2680 ||| READING 2 scrolls labelled JUOGOV WEPNING.
  2685 | D:3      | 2685 ||| DRINKING 3 pink potions.
  2686 | D:3      | 2686 ||| DROPPING 2 potions of attraction.
  2751 | D:4      | HP: 6/28 [iguana (11)]
  2752 | D:4      | 2752 ||| READING scroll of teleportation.
  2980 | D:4      | Noticed Sigmund
  2995 | D:4      | Killed Sigmund
  2996 | D:4      | Reached skill level 6 in Ranged Weapons
  2996 | D:4      | Reached XP level 5. HP: 32/32 MP: 5/5
  2996 | D:4      | Reached XP level 6. HP: 37/37 MP: 6/6
  3026 | D:4      | Noticed Grinder
  3031 | D:4      | Paralysed by Grinder for 5 turns
  3041 | D:4      | Paralysed by Grinder for 5 turns
  3050 | D:4      | Killed Grinder
  3051 | D:4      | Reached XP level 7. HP: 26/44 MP: 7/7
  3248 | D:4      | Reached skill level 7 in Ranged Weapons
  3315 | D:4      | Noticed Natasha
  3327 | D:4      | Killed Natasha
  3364 | D:4      | Noticed Natasha
  3365 | D:4      | 3365 ||| FLEEEEING.
  3366 | D:4      | 3366 ||| FLEEEEING.
  3367 | D:4      | 3367 ||| FLEEEEING.
  3368 | D:4      | 3368 ||| FLEEEEING.
  3369 | D:4      | 3369 ||| FLEEEEING.
  3370 | D:4      | 3370 ||| FLEEEEING.
  3371 | D:4      | 3371 ||| FLEEEEING.
  3377 | D:4      | 3377 ||| FLEEEEING.
  3403 | D:4      | Killed Natasha
  3479 | D:4      | Noticed Natasha
  3481 | D:4      | 3481 ||| Stepping ~*~*~tactically~*~*~ (outnumbered).
  3492 | D:4      | Killed Natasha
  3820 | D:4      | 3820 ||| UPGRADING to +2 robe of willpower.
  3825 | D:4      | 3825 ||| UPGRADING to +2 robe of willpower.
  3835 | D:4      | 3835 ||| DROPPING +0 ring mail.
  3836 | D:4      | 3836 ||| READING scroll labelled YJOEFAEMAE.
  3922 | D:5      | Entered Level 5 of the Dungeon
  3928 | D:5      | Identified the +3 long sword of Generosity {heavy, Int+3}
  3985 | D:5      | Reached skill level 8 in Ranged Weapons
  3985 | D:5      | Reached XP level 8. HP: 40/50 MP: 8/8
  4099 | D:5      | Found a staircase to the Ecumenical Temple.
  4100 | D:5      | 4100 ||| PLANNING TEMPLE
  4100 | D:5      | 4100 ||| UPGRADING to ring of protection from fire.
  4107 | Temple   | Entered the Ecumenical Temple
  4252 | Temple   | 4252 ||| PLANNING D:1-11
  4277 | D:5      | Noticed Dowan
  4280 | D:5      | Killed Dowan
  4337 | D:5      | Noticed Duvessa
  4340 | D:5      | Noticed Menkaure
  4349 | D:5      | HP: 11/50 [Menkaure (6)]
  4351 | D:5      | Slain by Duvessa

Levels and vault maps discovered:
D:1:      lightli_arrival_statue_moat, layout_basic, serial_rivers,
          chequers_serial_rivers_small_3, chequers_serial_rivers_small_a,
          chequers_serial_rivers_large_a, chequers_serial_rivers_room_b,
          chequers_serial_rivers_small_b, chequers_serial_rivers_micro_b,
          minivault_27
D:2:      layout_basic, serial_shops, shop
D:3:      layout_basic, minmay_misc_feat_iff
D:4:      layout_basic, uniq_grinder, uniq_sigmund, uniq_natasha
D:5:      layout_basic, minmay_temple_entry_junction_2, minmay_fountain_box,
          uniq_menkaure, uniq_duvessa
Temple:   regret_index_temple_chain_breaker

Skill      XL: |  1  2  3  4  5  6  7 |
---------------+----------------------+-----
Ranged Weapons | 5 6 8 |  8.4
Armour         | 1 |  1.0
Fighting       | 3 5 |  5.6
Dodging        | 2 |  2.3
Stealth        | |  1.1

Action                     |  1- 3 |  4- 6 |  7- 9 || total
---------------------------+-------+-------+-------++-------
   Fire: Shortbow          |   120 |    83 |   162 ||   365
    Use: Scroll            |     4 |     2 |     1 ||     7
         Potion            |     1 |     1 |       ||     2
 Armour: Leather armour    |    24 |       |       ||    24
         Ring mail         |     1 |    19 |    26 ||    46
         Robe              |       |       |     8 ||     8
  Dodge: Dodged            |    33 |    21 |    68 ||   122

Table legend:
 A = Non-vault XP
 B = Vault XP
 C = Vault XP percentage of total XP
 D = Non-vault monster count
 E = Vault monster count
 F = Vault count percentage of total count
                 A         B        C        D         E       F
            +---------+---------+-------+---------+---------+-------
      Total |     803 |     600 |  42.8 |      64 |       4 |   5.9
            +---------+---------+-------+---------+---------+-------
        D:1 |      14 |       0 |   0.0 |       9 |       0 |   0.0
        D:2 |      56 |       0 |   0.0 |      17 |       0 |   0.0
        D:3 |      28 |       0 |   0.0 |      12 |       0 |   0.0
        D:4 |     446 |     540 |  54.8 |      17 |       3 |  15.0
        D:5 |     259 |      60 |  18.8 |       9 |       1 |  10.0
            +---------+---------+-------+---------+---------+-------
